 Dungeon Crawl Stone Soup version 0.29-a0-993-g4a18f31a58 (webtiles) character file.

Game seed: 6588612441146347797

52 xian the Magician (level 3, 0/24 HPs)
             Began as a Demonspawn Hedge Wizard on Aug 2, 2022.
             Killed from afar by Sigmund (11 damage)
             ... with a puff of flame
             ... on level 3 of the Dungeon.
             The game lasted 00:07:04 (2925 turns).

xian the Magician (Demonspawn Hedge Wizard)         Turns: 2925, Time: 00:07:05

Health: 0/24       AC:  2    Str: 10    XL:     3   Next: 60%
Magic:  2/8        EV: 12    Int: 17    God:
Gold:   152        SH:  0    Dex: 12    Spells: 3/9 levels left

rFire   . . .      SeeInvis .   a - +0 dagger
rCold   . . .      Faith    .   (no shield)
rNeg    . . .      Spirit   .   b - +0 robe
rPois   .          Reflect  .   c - +0 hat
rElec   .          Harm     .   (no cloak)
rCorr   .          Rampage  .   (no gloves)
Will    .....                   (no boots)
Stlth   +.........              (no amulet)
HPRegen 0.08/turn               (no ring)
MPRegen 0.11/turn               (no ring)

@: very slow
A: horns 1, condensation shield
a: no special abilities


You were on level 3 of the Dungeon.
You visited 1 branch of the dungeon, and saw 3 of its levels.

You collected 152 gold pieces.

Inventory:

Hand Weapons
 a - a +0 dagger (weapon)
Missiles
 j - 9 poisoned darts
Armour
 b - a +0 robe (worn)
 c - a +0 hat (worn)
Potions
 d - a potion of magic
 e - 3 potions of haste
 f - 4 potions of curing
 g - 2 potions of cancellation {unknown}
 h - a potion of lignification {unknown}
 i - a potion of brilliance {unknown}
 k - a potion of degeneration {unknown}
 l - a potion of resistance {unknown}
 m - a potion of mutation {unknown}


   Skills:
 + Level 1.9 Dodging
 + Level 1.9 Stealth
 + Level 3.7 Spellcasting
 * Level 1.9 Conjurations
 * Level 1.5 Summonings
 + Level 0.8 Translocations


You had 3 spell levels left.
You knew the following spells:

 Your Spells              Type           Power      Damage    Failure   Level
a - Magic Dart            Conj           36%        1d4       8%          1
b - Call Imp              Summ           8%         N/A       13%         2
c - Slow                  Hex            12%        N/A       16%         1
d - Blink                 Tloc           12%        N/A       17%         2

Your spell library contained the following spells:

 Spells                   Type           Power      Damage    Failure   Level
 Conjure Flame            Conj/Fire      6%         6-21      32%         3
 Gell's Gravitas          Tloc           6%         N/A       34%         3
 Lesser Beckoning         Tloc           6%         N/A       34%         3
 Teleport Other           Tloc           6%         N/A       34%         3
 Mephitic Cloud           Conj/Pois/Air  5%         N/A       36%         3


Dungeon Overview and Level Annotations

Branches:
Dungeon (3/15)

Altars:

Annotations:
D:3 Sigmund


Innate Abilities, Weirdness & Mutations

You have a pair of small horns on your head.
A meltable shield of frost defends you. (SH +0)


Message History

You barely miss the endoplasm. The endoplasm hits you.
You hit the endoplasm. You headbutt the endoplasm.
You kill the endoplasm!
The dart slug launches a dart at you. The slug dart misses you.
Things that are here:
a +0 club; 17 gold pieces; a goblin corpse
Found a dagger.
The dart slug barely misses you.
You hit the dart slug.
The dart slug is almost dead.
You hit the dart slug but do no damage.
The dart slug is almost dead.
The dart slug misses you.
Sigmund the Dreaded comes into view.
He is wielding a +0 scythe.
Sigmund shouts!
You hit the dart slug.
You kill the dart slug!
You enter the shallow water.
Moving in this stuff is going to be slow.
You see here a dart slug corpse.
You enter the shallow water.
Moving in this stuff is going to be slow.
Sigmund mumbles some strange words.
Sigmund flickers and vanishes!
Deactivating autopickup; reactivate with Ctrl-A.
You see here a dart slug corpse.
Casting: Magic Dart (safe; 8% risk of failure)
Confirm with . or Enter, or press ? or * to list all spells.
A beastly little devil appears in a puff of frigid air.
A puff of flame appears from out of thin air!
The puff of flame hits your white imp.
Your white imp is burned terribly!
A puff of flame appears from out of thin air!
The puff of flame hits you.
Your condensation shield dissipates!
Your white imp is engulfed in a cloud of scalding steam.
A puff of flame appears from out of thin air!
The puff of flame hits you!
You die...

#.######..##...
#.
#.............##
..
#######.P.~~P..#.
#)~~P~~~..#
##.~~~.~~.# #
#..†~~~~~.#..
####..~~≈≈♣~...#
#....§§5≈~~~...#
#.###{§§@~~~...#
# #§§§~P~~##.#
#..~♣~~~P#
#..P~~~P)...
#.....P..#..
..##........ ....
.#...##. ####
.##.##


You could see a friendly white imp (summoned).

Vanquished Creatures
  3 dart slugs
  5 endoplasms
  5 giant cockroaches
  6 goblins
  4 hobgoblins
  4 kobolds
  2 quokkas
  6 ball pythons
  A bat (D:1)
  4 frilled lizards
  3 rats (D:2)
43 creatures vanquished.

Vanquished Creatures (others)
  2 plants (D:3)
2 creatures vanquished.

Grand Total: 45 creatures vanquished

Notes
Turn   | Place    | Note
-------+----------+-------------------------------------------
     0 | D:1      | xian the Demonspawn Hedge Wizard began the quest for the
                  | Orb.
     0 | D:1      | Reached XP level 1. HP: 13/13 MP: 4/4
   442 | D:1      | Found a faded altar of an unknown god.
   491 | D:1      | Gained mutation: A meltable shield of frost defends you.
                  | (SH +0) [demonic ancestry]
   491 | D:1      | Reached XP level 2. HP: 12/19 MP: 0/6
  1585 | D:2      | Gained mutation: You have a pair of small horns on your
                  | head. [demonic ancestry]
  1585 | D:2      | Reached XP level 3. HP: 23/24 MP: 1/8
  2807 | D:3      | Learned a level 2 spell: Call Imp
  2809 | D:3      | Learned a level 1 spell: Slow
  2812 | D:3      | Learned a level 2 spell: Blink
  2918 | D:3      | Noticed Sigmund
  2925 | D:3      | Killed from afar by Sigmund

Illustrated notes

Levels and vault maps discovered:
D:1:      tarquinn_simple_flora_water_b, layout_loops_ring,
          shapermc_ecumenical_altar_petra
D:2:      layout_loops_ring
D:3:      layout_loops_corners, serial_bayou_pond_b, kennysheep_generic_room_16,
          uniq_natasha, uniq_sigmund

Action                   || total
-------------------------++-------
Melee: Dagger            ||    62
       Punch             ||     1
       Headbutt          ||     3
 Cast: Magic Dart        ||   101
       Call Imp          ||     1
  Use: Scroll            ||     5
Armor: Robe              ||    14
Dodge: Dodged            ||    39
Block: Other             ||     4

Table legend: (Time is in decaauts)
 A = Elapsed time spent in this place.
 B = Non-inter-level travel time spent in this place.
 C = Inter-level travel time spent in this place.
 D = Time resting spent in this place.
 E = Time spent auto-exploring this place.
 F = Levels seen in this place.
 G = Mean time per level.
                   A        B        C        D        E       F      G
               +--------+--------+--------+--------+--------+-----+--------+
         Total |   2925 |   2851 |     74 |      0 |   2438 |   3 |  975.0 |
       Dungeon |   2925 |   2851 |     74 |      0 |   2438 |   3 |  975.0 |
               +--------+--------+--------+--------+--------+-----+--------+

Top non-repeatable levels by time:
     D:1: 1532 daAuts
     D:2: 869 daAuts
     D:3: 523 daAuts
